 Dungeon Crawl Stone Soup version 0.30-a0-42-g806c11bf1d (webtiles) character file.

Game seed: 5932197490015500331

456 yoshig the Vexing (level 7, 0/78 HPs)
             Began as a Gnoll Arcane Marksman on Aug 30, 2022.
             Slain by an orc warrior
             ... wielding a +0 dire flail
              (8 damage)
             ... on level 4 of the Dungeon.
             The game lasted 00:47:27 (3482 turns).

yoshig the Vexing (Gnoll Arcane Marksman)           Turns: 3482, Time: 00:47:28

Health: 0/78       AC: 23    Str: 12    XL:     7   Next: 6%
Magic:  10/12      EV:  2    Int: 12    God:
Gold:   179        SH:  0    Dex: 12    Spells: 12/13 levels left

rFire   + . .      SeeInvis .    a - +1 sling (freeze)
rCold   + . .      Faith    .    (no shield)
rNeg    . . .      Spirit   .    (body armour currently unavailable)
rPois   +          Reflect  .    (helmet currently unavailable)
rElec   +          Harm     .    (cloak currently unavailable)
rCorr   +          Rampage  .    (gloves currently unavailable)
Will    .....      NoTele   +    (boots currently unavailable)
Stlth   ++........               g - amulet of regeneration
HPRegen 1.03/turn                (no ring)
MPRegen 0.13/turn                (no ring)

@: tree-form, resistant
A: stationary, stasis, torment immunity, boosted hp, (fangs 1), strong nose,
distributed training
a: no special abilities


You were on level 4 of the Dungeon.
You were a tree.
You visited 1 branch of the dungeon, and saw 4 of its levels.

You collected 179 gold pieces.

Inventory:

Hand Weapons
 a - a +1 sling of freezing (weapon)
 h - a +0 whip
 i - a +0 whip
 u - a +0 spear
 B - a +0 scythe
Missiles
 j - 9 poisoned darts
 m - 28 stones
Armour
 c - a +0 robe
 n - a +2 cloak (melded)
 p - a +0 leather armour
 s - a +0 pair of gloves (melded)
 t - a +0 scale mail
 v - a +0 chain mail (melded)
 z - the +3 leather armour "Wiptinn" {rF+ rC+++ Regen+ Int-5 Dex+4}
   (You found it on level 3 of the Dungeon)

   Int:       It affects your intelligence (-5).
   Dex:       It affects your dexterity (+4).
   rF:        It protects you from fire.
   rC:        It renders you almost immune to cold.
   Regen:     It increases your rate of health regeneration.
 D - a +0 pair of boots (melded)
Magical Staves
 o - a staff of air
Jewellery
 g - an amulet of regeneration (around neck)
Wands
 C - a wand of paralysis (4)
Scrolls
 b - a scroll of poison
 f - 3 scrolls of teleportation
 r - a scroll of fear {unknown}
 w - 2 scrolls of identify {unknown}
 x - a scroll of immolation {unknown}
 y - 2 scrolls of enchant armour {unknown}
 A - a scroll of enchant weapon {unknown}
Potions
 e - 2 potions of heal wounds
 l - a potion of resistance
 q - a potion of lignification


   Skills:
 + Level 3.5 Fighting
 + Level 2.3 Short Blades
 + Level 2.3 Long Blades
 + Level 2.3 Axes
 + Level 2.3 Maces & Flails
 + Level 2.3 Polearms
 + Level 2.3 Staves
 + Level 5.1 Ranged Weapons
 + Level 2.3 Throwing
 + Level 2.3 Armour
 + Level 5.1 Dodging
 + Level 2.3 Stealth
 + Level 2.3 Shields
 + Level 2.3 Unarmed Combat
 + Level 3.7 Spellcasting
 + Level 1.9 Conjurations
 + Level 5.8 Hexes
 + Level 1.9 Summonings
 + Level 1.9 Necromancy
 + Level 1.9 Translocations
 + Level 1.9 Transmutations
 + Level 1.9 Fire Magic
 + Level 1.9 Ice Magic
 + Level 1.9 Air Magic
 + Level 1.9 Earth Magic
 + Level 1.9 Poison Magic
 + Level 2.5 Invocations
 + Level 2.3 Evocations


You had 12 spell levels left.
You knew the following spells:

 Your Spells              Type           Power      Damage    Failure   Level
a - Slow                  Hex            64%        N/A       2%          1

Your spell library contained the following spells:

 Spells                   Type           Power      Damage    Failure   Level
 Dazzling Flash           Conj/Hex       22%        N/A       14%         3
 Inner Flame              Hex/Fire       11%        N/A       14%         3
 Portal Projectile        Hex/Tloc       22%        N/A       14%         3
 Blink                    Tloc           12%        N/A       16%         2
 Cause Fear               Hex            8%         N/A       22%         4
 Conjure Flame            Conj/Fire      6%         6-21      30%         3
 Ignite Poison            Fire/Tmut/Pois 6%         N/A       30%         3
 Mephitic Cloud           Conj/Pois/Air  6%         N/A       30%         3
 Stone Arrow              Conj/Erth      12%        3d7       30%         3
 Animate Armour           Summ/Erth      12%        N/A       71%         4
 Sticky Flame             Conj/Fire      6%         2d3       71%         4
 Silence                  Hex/Air        5%         N/A       78%         5
 Agony                    Necr           6%         N/A       96%         5
 Freezing Cloud           Conj/Ice/Air   3%         6-21      96%         5
 Manifold Assault         Tloc           6%         N/A       96%         5
 Storm Form               Tmut/Air       3%         N/A       100%        7
 Lehudib's Crystal Spear  Conj/Erth      3%         10d2      100%        8


Dungeon Overview and Level Annotations

Branches:
Dungeon (4/15)
 Temple: D:4-7

Altars:
Cheibriados
Uskayaw
Vehumet


Innate Abilities, Weirdness & Mutations

You are a tree.
Your roots penetrate the ground, keeping you stationary.
You cannot be teleported.
You are immune to unholy pain and torment.
Your maximum health is greatly increased.
Your equipment is partially melded.
((You have very sharp teeth.))
Your uncanny sense of smell can sniff out nearby items.
Your experience applies equally to all skills.


Message History

The orc warrior hits you with a +0 dire flail.
Fire: a) +1 sling (freeze)
Press: ? - help, Q - select action, (/) - cycle Shift-Dir - straight line, f/p - orc warrior
Aim: an orc warrior, wielding a +0 dire flail and wearing a +0 plate armour (severely wounded, slow, 59% to hit)
You shoot a sling bullet.
The sling bullet barely misses the orc warrior.
The orc warrior barely misses you.
Fire: a) +1 sling (freeze)
Press: ? - help, Q - select action, (/) - cycle Shift-Dir - straight line, f/p - orc warrior
Aim: an orc warrior, wielding a +0 dire flail and wearing a +0 plate armour (severely wounded, slow, 59% to hit)
You shoot a sling bullet.
The sling bullet barely misses the orc warrior.
The orc warrior hits you with a +0 dire flail!
* * * LOW HITPOINT WARNING * * *
It was a potion of lignification.
You turn into a tree.
Your +2 cloak melds into your body.
Your +0 pair of gloves melds into your body.
Your +0 pair of boots melds into your body.
Your +0 chain mail melds into your body.
Your roots penetrate the ground.
The orc warrior hits you but does no damage.
It was a potion of resistance.
You feel protected.
Unknown command.
Fire: a) +1 sling (freeze)
Press: ? - help, Q - select action, (/) - cycle Shift-Dir - straight line, f/p - orc warrior
Aim: an orc warrior, wielding a +0 dire flail and wearing a +0 plate armour (severely wounded, slow, 59% to hit)
You shoot a sling bullet.
The sling bullet hits the orc warrior but does no damage.
The orc warrior is severely wounded.
The orc warrior hits you with a +0 dire flail.
* * * LOW HITPOINT WARNING * * *
Fire: a) +1 sling (freeze)
Press: ? - help, Q - select action, (/) - cycle Shift-Dir - straight line, f/p - orc warrior
Aim: an orc warrior, wielding a +0 dire flail and wearing a +0 plate armour (severely wounded, slow, 59% to hit)
You shoot a sling bullet.
The sling bullet hits the orc warrior but does no damage.
The orc warrior is severely wounded.
The orc warrior hits you with a +0 dire flail!
You die...

#........ ... .## #........
### ... .. ....#...... #(.#
... ∆ ..# ....#.....# #...##.#
..# ... #...... #...#.#
#..#... #...... . #.†#.#+
##....... #......
...###...###....# .. #......
.......8...o♣...# .. #......
..###...###....## . #.#####
+#.#+ ##...##.##.#.# #.#
#........#.## ##.##
#...........#### ∆ ##...##
∆#.......##......
..####.....####.......##......
......................##......
.####.......####......##..####


You could see an orc warrior (slow).

Vanquished Creatures
  Sigmund (D:3)
  A black bear (D:4)
  A hound (D:3)
  Natasha (thrice) (D:3)
  3 adders
  2 worms
  3 dart slugs
  An orc (D:4)
  5 bats
  7 endoplasms
  A giant cockroach (D:1)
  4 goblins
  7 hobgoblins
  4 jackals (D:3)
  A quokka (D:4)
  10 ball pythons
  6 frilled lizards
  6 kobolds
  A rat (D:2)
67 creatures vanquished.

Notes
Turn   | Place    | Note
-------+----------+-------------------------------------------
     0 | D:1      | yoshig the Gnoll Arcane Marksman began the quest for the
                  | Orb.
     0 | D:1      | Reached XP level 1. HP: 17/17 MP: 4/4
   185 | D:1      | Reached XP level 2. HP: 18/23 MP: 5/5
   691 | D:1      | Reached XP level 3. HP: 24/28 MP: 7/7
   856 | D:1      | Reached skill level 1 in Invocations
  1682 | D:2      | Reached skill level 1 in Short Blades
  1682 | D:2      | Reached skill level 1 in Long Blades
  1682 | D:2      | Reached skill level 1 in Axes
  1682 | D:2      | Reached skill level 1 in Maces & Flails
  1682 | D:2      | Reached skill level 1 in Polearms
  1682 | D:2      | Reached skill level 1 in Staves
  1682 | D:2      | Reached skill level 1 in Throwing
  1682 | D:2      | Reached skill level 1 in Armour
  1682 | D:2      | Reached skill level 1 in Stealth
  1682 | D:2      | Reached skill level 1 in Shields
  1682 | D:2      | Reached skill level 1 in Unarmed Combat
  1682 | D:2      | Reached skill level 1 in Evocations
  1896 | D:2      | Reached XP level 4. HP: 34/34 MP: 8/8
  2399 | D:3      | Reached skill level 1 in Conjurations
  2399 | D:3      | Reached skill level 1 in Summonings
  2399 | D:3      | Reached skill level 1 in Necromancy
  2399 | D:3      | Reached skill level 1 in Translocations
  2399 | D:3      | Reached skill level 1 in Transmutations
  2399 | D:3      | Reached skill level 1 in Fire Magic
  2399 | D:3      | Reached skill level 1 in Ice Magic
  2399 | D:3      | Reached skill level 1 in Air Magic
  2399 | D:3      | Reached skill level 1 in Earth Magic
  2399 | D:3      | Reached skill level 1 in Poison Magic
  2519 | D:3      | Noticed Natasha
  2522 | D:3      | Killed Natasha
  2523 | D:3      | Reached XP level 5. HP: 32/40 MP: 9/9
  2587 | D:3      | Found a faded altar of an unknown god.
  2587 | D:3      | Identified the +3 leather armour "Wiptinn" {rF+ rC+++
                  | Regen+ Int-5 Dex+4}
  2652 | D:3      | Noticed Natasha
  2659 | D:3      | Killed Natasha
  2675 | D:3      | Noticed Natasha
  2679 | D:3      | Killed Natasha
  2711 | D:3      | Noticed a +0 short sword
  2711 | D:3      | Noticed a +0 falchion
  2712 | D:3      | Noticed a +0 dagger
  2712 | D:3      | Noticed a +0 short sword
  2713 | D:3      | Noticed a +0 falchion
  2714 | D:3      | Noticed a +0 dagger
  2718 | D:3      | Noticed a +0 spear
  2719 | D:3      | Noticed a +0 spear
  2805 | D:3      | Noticed Sigmund
  2825 | D:3      | Killed Sigmund
  2826 | D:3      | Reached skill level 5 in Ranged Weapons
  2826 | D:3      | Reached skill level 5 in Dodging
  2826 | D:3      | Reached XP level 6. HP: 37/47 MP: 9/11
  2854 | D:3      | Found a hide-covered altar of Uskayaw.
  3087 | D:4      | Found a snail-covered altar of Cheibriados.
  3244 | D:4      | Found a radiant altar of Vehumet.
  3447 | D:4      | Noticed a black bear
  3448 | D:4      | Noticed an orc warrior
  3454 | D:4      | Killed a black bear
  3455 | D:4      | Reached XP level 7. HP: 52/52 MP: 12/12
  3482 | D:4      | Slain by an orc warrior

Illustrated notes

Levels and vault maps discovered:
D:1:      evilmike_arrival_rings, layout_basic
D:2:      layout_basic, palyth_stone_intersect, nrook_mini_backslash
D:3:      layout_rooms, nicolae_uskayaw_en_pointe,
          nicolae_ecumenical_snake_handling, uniq_natasha, uniq_sigmund
D:4:      cheibrodos_barr_body, layout_basic, nicolae_overflow_crystal_walls,
          mainiacjoe_overflow_small_starburst, vehumet_crystals, uniq_eustachio,
          uniq_ijyb

Skill      XL: |  1  2  3  4  5 |
---------------+----------------+-----
Invocations    | 1 2 |  2.5
Short Blades   | 1 2 |  2.3
Long Blades    | 1 2 |  2.3
Axes           | 1 2 |  2.3
Maces & Flails | 1 2 |  2.3
Polearms       | 1 2 |  2.3
Staves         | 1 2 |  2.3
Throwing       | 1 2 |  2.3
Armour         | 1 2 |  2.3
Stealth        | 1 2 |  2.3
Shields        | 1 2 |  2.3
Unarmed Combat | 1 2 |  2.3
Evocations     | 1 2 |  2.3
Spellcasting   | 3 |  3.7
Conjurations   | 1 |  1.9
Summonings     | 1 |  1.9
Necromancy     | 1 |  1.9
Translocations | 1 |  1.9
Transmutations | 1 |  1.9
Fire Magic     | 1 |  1.9
Ice Magic      | 1 |  1.9
Air Magic      | 1 |  1.9
Earth Magic    | 1 |  1.9
Poison Magic   | 1 |  1.9
Fighting       | 3 |  3.5
Ranged Weapons | 5 |  5.1
Dodging        | 5 |  5.1
Hexes          | |  5.8

Action                   |  1- 3 |  4- 6 |  7- 9 || total
-------------------------+-------+-------+-------++-------
 Fire: Sling             |    91 |    50 |     7 ||   148
 Cast: Slow              |       |     2 |     3 ||     5
Evoke: Wand              |       |    24 |     4 ||    28
  Use: Scroll            |     2 |     2 |       ||     4
       Potion            |     1 |     3 |     3 ||     7
Armor: Robe              |    13 |     7 |       ||    20
       Leather armour    |       |     2 |       ||     2
       Chain mail        |       |    19 |     2 ||    21
       Skin              |       |       |     1 ||     1
Dodge: Dodged            |    47 |    38 |     7 ||    92

Table legend: (Time is in decaauts)
 A = Elapsed time spent in this place.
 B = Non-inter-level travel time spent in this place.
 C = Inter-level travel time spent in this place.
 D = Time resting spent in this place.
 E = Time spent auto-exploring this place.
 F = Levels seen in this place.
 G = Mean time per level.
                   A        B        C        D        E       F      G
               +--------+--------+--------+--------+--------+-----+--------+
         Total |   3529 |   3447 |     82 |    200 |    776 |   4 |  882.2 |
       Dungeon |   3529 |   3447 |     82 |    200 |    776 |   4 |  882.2 |
               +--------+--------+--------+--------+--------+-----+--------+

Top non-repeatable levels by time:
     D:1: 1571 daAuts
     D:3: 781 daAuts
     D:2: 767 daAuts
     D:4: 409 daAuts
